 Dungeon Crawl Stone Soup version 0.18-a0-1811-g3a71842 (webtiles) character file.

165 Blondin the Slasher (level 5, -2/34 HPs)
             Began as a High Elf Gladiator on Apr 27, 2016.
             Slain by Grinder (5 damage)
             ... on level 3 of the Dungeon.
             The game lasted 00:14:38 (2973 turns).

Blondin the Slasher (High Elf Gladiator)            Turns: 2973, Time: 00:14:38

Health: -2/34      AC:  5    Str: 14    XL:     5   Next: 21%
Magic:  6/6        EV: 13    Int: 12    God:
Gold:   126        SH:  0    Dex: 16    Spells: 0 memorised, 4 levels left

rFire  . . .     SeeInvis .     a - +0 long sword
rCold  . . .     Gourm    .     b - +0 leather armour
rNeg   . . .     Faith    .     (no shield)
rPois  .         Spirit   .     c - +1 helmet
rElec  .         Dismiss  .     (no cloak)
rCorr  .         Reflect  .     (no gloves)
SustAt .         Harm     .     (no boots)
MR     .....                    (no amulet)
Stlth  +.........               (no ring)
                                (no ring)

@: not resistant to hostile enchantments, very unstealthy
A: no striking features
a: no special abilities


You were on level 3 of the Dungeon.
You were not hungry.

You visited 1 branch of the dungeon, and saw 3 of its levels.

You collected 126 gold pieces.

Inventory:

Hand Weapons
 a - a +0 long sword (weapon)
Missiles
 g - 42 stones (quivered)
 n - 5 needles of frenzy
 y - 14 poisoned needles
 z - 35 sling bullets
Armour
 b - a +0 leather armour (worn)
 c - a +1 helmet (worn)
Scrolls
 i - a scroll of recharging
 j - a scroll of teleportation {unknown}
 l - 2 scrolls of enchant armour
 p - 2 scrolls of magic mapping
 q - a scroll of enchant weapon {unknown}
 s - a scroll of amnesia {unknown}
 w - a scroll of identify {unknown}
 A - a scroll of immolation {unknown}
 C - a scroll of fear {unknown}
Potions
 e - a potion of ambrosia
 h - 2 potions of magic {unknown}
 k - 2 potions of degeneration {unknown}
 m - 2 potions of heal wounds {unknown}
 o - a potion of cure mutation {unknown}
 t - a potion of agility {unknown}
 v - a potion of might {unknown}
 x - 2 potions of mutation {unknown}
Comestibles
 f - 2 bread rations
 r - 5 chunks of flesh
 u - a beef jerky
 B - a slice of pizza


   Skills:
 - Level 2.0 Fighting
 + Level 7.2 Long Blades
 - Level 2.0 Throwing
 - Level 3.2 Dodging


You had 4 spell levels left.
You didn't know any spells.

Dungeon Overview and Level Annotations

Branches:
Dungeon (3/15)

Altars:
Cheibriados
Trog

Annotations:
D:3 Grinder


Message History

You hit Grinder.
Grinder is moderately wounded.
Grinder closely misses you.
You closely miss Grinder.
Grinder is moderately wounded.
Grinder hits you!
You writhe in agony.
You hit Grinder but do no damage.
Grinder is moderately wounded.
Grinder gestures at you. Pain shoots through your body!
* * * LOW HITPOINT WARNING * * *
You slash Grinder!
Grinder is severely wounded.
Grinder misses you.
You barely miss Grinder.
Grinder is severely wounded.
Grinder hits you!
* * * LOW HITPOINT WARNING * * *
You writhe in agony.
You die...

...♣ ♣.......#
...♣♣ ♣♣.......#
....♣♣♣♣♣♣........#
..................#
................#.#
...............##.#
..............###)#
........g....###..#
.#....8....(####@##
.............)g5.#
####........######
......#####.#
####### #)# #.#
#.########***
#.........,,*
#.########*,*


You could see Grinder and a goblin.

Vanquished Creatures
  Robin (D:3)
  5 adders
  2 oozes
  A worm (D:3)
  3 dart slugs
  4 giant geckos
  5 orcs (D:3)
  14 goblins
  13 hobgoblins
  4 jackals
  A quokka (D:3)
  8 bats
  4 giant newts
  9 kobolds
  9 rats
83 creatures vanquished.

Notes
Turn   | Place    | Note
--------------------------------------------------------------
     0 | D:1      | Blondin the High Elf Gladiator began the quest for the Orb.
     0 | D:1      | Reached XP level 1. HP: 14/14 MP: 2/2
   111 | D:1      | Reached skill level 4 in Long Blades
   319 | D:1      | Reached XP level 2. HP: 9/19 MP: 3/3
   682 | D:1      | Reached skill level 5 in Long Blades
   768 | D:1      | Reached XP level 3. HP: 24/24 MP: 4/4
  1554 | D:2      | Reached skill level 6 in Long Blades
  1554 | D:2      | Reached XP level 4. HP: 29/29 MP: 5/5
  2616 | D:3      | Found a snail-covered altar of Cheibriados.
  2619 | D:3      | Reached XP level 5. HP: 32/34 MP: 6/6
  2776 | D:3      | Found a bloodstained altar of Trog.
  2872 | D:3      | Noticed Grinder
  2872 | D:3      | Noticed Robin
  2895 | D:3      | Reached skill level 7 in Long Blades
  2948 | D:3      | Killed Robin
  2973 | D:3      | Slain by Grinder

Vault maps used:
D:1:      elethiomel_arrival_diamonds, st_stairs_9
D:3:      kennysheep_slug_shrine, lemuel_round_altar, first_bread,
          kennysheep_decorative_pillar, uniq_grinder, uniq_robin

Skill      XL: |  1  2  3  4  5 |
---------------+----------------+-----
Long Blades    | 4 5 6 7 |  7.2
Fighting       | |  2.0
Throwing       | |  2.0
Dodging        | |  3.2

Action                   |  1- 3 |  4- 6 || total
-------------------------+-------+-------++-------
Melee: Long sword        |    90 |   120 ||   210
Throw: Stone             |    66 |    28 ||    94
       Throwing net      |     4 |     7 ||    11
  Use: Potion            |       |     1 ||     1
       Scroll            |       |     3 ||     3
 Stab: Held in net/web   |     1 |     3 ||     4
       Sleeping          |       |     2 ||     2
  Eat: Chunk             |     2 |     5 ||     7
Armor: Leather armour    |    27 |    18 ||    45
Dodge: Dodged            |    56 |    52 ||   108
